 Dungeon Crawl Stone Soup version 0.32-a0-702-gc29ba85809 (webtiles) character file.

Game seed: 9227993206228025560

4 Nattfarinn the Digger (level 1, 0/14 HPs)
             Began as a Mountain Dwarf Earth Elementalist on Mar 14, 2024.
             Slain by a goblin
             ... wielding a +0 club
              (3 damage)
             ... on level 1 of the Dungeon.
             The game lasted 00:00:31 (93 turns).

Nattfarinn the Digger (MDEE)                          Turns: 93, Time: 00:00:32

Health: 0/14       AC:  2    Str: 10    XL:     1   Next: 58%
Magic:  0/3        EV: 10    Int: 15    God:
Gold:   23         SH:  0    Dex: 10    Spells: 2/3 levels left

rFire   . . .        g - +0 whip
rCold   . . .        (no shield)
rNeg    . . .        a - +0 robe
rPois   .            (no helmet)
rElec   .            (no cloak)
rCorr   .            (no gloves)
SInv    .            (no boots)
Will    .....        (no amulet)
Stlth   ++           (no ring)
HPRegen 0.22/turn    (no ring)
MPRegen 0.08/turn

%: no passive effects
@: no status effects
A: runic magic, artefact enchanting
a: no special abilities


You were on level 1 of the Dungeon.
You visited 1 branch of the dungeon, and saw 1 of its levels.

You collected 23 gold pieces.

Inventory:

Hand Weapons
 g - a +0 whip (weapon)
Armour
 a - a +0 robe (worn)
Scrolls
 c - a scroll of poison {unknown}
 e - a scroll of noise {unknown}
Potions
 b - a potion of magic
 d - 3 potions of haste {unknown}
 f - 3 potions of degeneration {unknown}


   Skills:
 - Level 1.3 Dodging
 - Level 1.4 Stealth
 + Level 1.8 Spellcasting
 + Level 1.0 Conjurations
 * Level 3.5 Earth Magic


You had 2 spell levels left.
You knew the following spells:

 Your Spells              Type           Power      Damage    Failure   Level
a - Sandblast             Erth           22%        2d7       5%          1

Your spell library contained the following spells:

 Spells                   Type           Power      Damage    Failure   Level
 Passwall                 Erth           11%        N/A       16%         3
 Stone Arrow              Conj/Erth      16%        3d8       26%         3
 Brom's Barrelling Bould  Conj/Erth      8%         2d3       65%         4
 Petrify                  Alch/Erth      6%         N/A       73%         4


Dungeon Overview and Level Annotations

Branches:
Dungeon (1/15)

Altars:


Innate Abilities, Weirdness & Mutations

Your spellcasting is much less encumbered by armour.
You can use scrolls of enchantment on lesser artefacts.


Message History

You completely miss the giant cockroach.
The giant cockroach is severely wounded.
The giant cockroach closely misses you. x2
The goblin hits you but does no damage.
You hit the giant cockroach.
You kill the giant cockroach!
The bat hits you. The goblin hits you but does no damage.
You closely miss the goblin. The bat hits you.
The goblin hits you with a +0 club.
You closely miss the bat. The bat closely misses you.
The goblin hits you with a +0 club.
You are too injured to fight recklessly!
You are too injured to fight recklessly!
You are too injured to fight recklessly!
You are too injured to fight recklessly!
You are too injured to fight recklessly!
You are too injured to fight recklessly!
You are too injured to fight recklessly!
You are too injured to fight recklessly!
You are too injured to fight recklessly!
You are too injured to fight recklessly!
You are too injured to fight recklessly!
Unknown command.
Casting: Sandblast (safe; 5% risk of failure)
Confirm with . or Enter, or press ? or * to list all spells.
Aiming: Sandblast (safe; 5% risk of failure)
Press: ? - help, Shift-Dir - straight line, f - bat
Aim: a bat (73% to hit)
The blast of sand hits the bat!
You kill the bat!
The goblin misses you. The goblin hits you with a +0 club.
* * * LOW HITPOINT WARNING * * *
The goblin attacks as it pursues you! The goblin hits you but does no damage.
You see here a scroll labelled ABLEJA JAHUAH.
You barely miss the goblin. The goblin closely misses you.
You barely miss the goblin. The goblin hits you but does no damage.
You hit the goblin but do no damage. The goblin hits you with a +0 club.
* * * LOW HITPOINT WARNING * * *
You hit the goblin but do no damage. The goblin hits you with a +0 club.
You die...

...........######..
....##.............
..♣#####.....###
..♣ #.##..#### .♣♣
#.###....# ♣♣ #.#
##.#.####### ♣
...###..>.......
#.........#######.#
#........@g.†.)....
...................
#.########..###....
# ##?.. ##. ####. #


You could see a goblin.

Vanquished Creatures
  A giant cockroach (D:1)
  A quokka (D:1)
  A bat (D:1)
  2 kobolds (D:1)
5 creatures vanquished.

Notes
Turn   | Place    | Note
-------+----------+-------------------------------------------
     0 | D:1      | Nattfarinn the Mountain Dwarf Earth Elementalist began the
                  | quest for the Orb.
     0 | D:1      | Reached XP level 1. HP: 14/14 MP: 3/3
    79 | D:1      | Reached skill level 1 in Conjurations
    93 | D:1      | Slain by a goblin

Illustrated notes

Levels and vault maps discovered:
D:1:      amcnicky_arrival_underground_garden, layout_rooms

Skill      XL: |  1 |
---------------+----+-----
Conjurations   | 1 |  1.0
Dodging        | |  1.3
Stealth        | |  1.4
Spellcasting   | |  1.8
Earth Magic    | |  3.5

Action                     || total
---------------------------++-------
  Melee: Whip              ||     9
   Cast: Sandblast         ||     6
 Armour: Robe              ||    14
  Dodge: Dodged            ||     8

Table legend: (Time is in decaauts)
 A = Elapsed time spent in this place.
 B = Non-inter-level travel time spent in this place.
 C = Inter-level travel time spent in this place.
 D = Time resting spent in this place.
 E = Time spent auto-exploring this place.
 F = Levels seen in this place.
 G = Mean time per level.
                   A        B        C        D        E       F      G
               +--------+--------+--------+--------+--------+-----+--------+
         Total |     96 |     92 |      4 |      0 |     58 |   1 |   96.0 |
       Dungeon |     96 |     92 |      4 |      0 |     58 |   1 |   96.0 |
               +--------+--------+--------+--------+--------+-----+--------+

Top non-repeatable levels by time:
     D:1: 96 daAuts
